 Dungeon Crawl Stone Soup version 0.15.0-12-gccce430 (webtiles) character file.

1534 Patate the Fighter (level 8, -7/79 HPs)
             Began as a Minotaur Berserker on Sept 1, 2014.
             Was an Elder of Trog.
             Mangled by an orc warrior
             ... wielding a cursed -2 glaive
              (8 damage)
             ... on Level 6 of the Dungeon.
             The game lasted 00:27:49 (6419 turns).

Patate the Fighter (Minotaur Berserker)             Turns: 6419, Time: 00:27:52

HP  -7/79        AC  9     Str 24      XL: 8   Next: 55%
MP   3/3         EV 10     Int  4      God: Trog [****..]
Gold 279         SH  0     Dex 10      Spells:  0 memorised,  7 levels left

rFire  . . .     SeeInvis .     y - +2 hand axe of the Moth {holy, Stlth+}
rCold  . . .     Clarity  .     u - +0 ring mail
rNeg   . . .     rCorr    +     (no shield)
rPois  .         rRot     .     (helmet restricted)
rElec  .         Spirit   .     (no cloak)
SustAb .         Warding  .     a - +0 pair of gloves
rMut   .         Stasis   .     w - +0 pair of boots
Gourm  .                        s - amulet of resist corrosion
MR     ++...                    (no ring)
                                l - +3 ring of slaying

@: regenerating, very resistant to hostile enchantments, very unstealthy
A: retaliatory headbutt, horns 2
a: Burn Spellbooks, Berserk, Trog's Hand, Brothers in Arms, Renounce Religion


You were on level 6 of the Dungeon.
You worshipped Trog.
Trog was greatly pleased with you.
You were hungry.

You visited 2 branches of the dungeon, and saw 7 of its levels.

You collected 279 gold pieces.

Inventory:

Hand weapons
 x - a +0 war axe
 y - the +2 hand axe of the Moth (weapon) {holy, Stlth+}
   (You found it on level 4 of the Dungeon)

   It has been blessed by the Shining One to cause great damage to the undead
   and demons.
   It makes you more stealthy.
Armour
 a - a +0 pair of gloves (worn)
 u - a +0 ring mail (worn)
 w - a +0 pair of boots (worn)
Magical devices
 n - a wand of fireball (4) {unknown}
Comestibles
 b - 3 meat rations
 c - 5 bread rations
 f - a royal jelly
 g - a slice of pizza
 i - 3 rotting chunks of ogre flesh
 j - a beef jerky
 z - 2 chunks of jackal flesh
Scrolls
 d - a scroll of fog {unknown}
 e - 3 scrolls of recharging {unknown}
 h - 4 scrolls of teleportation {unknown}
 k - a scroll of amnesia {unknown}
 p - 2 scrolls of identify {unknown}
 q - a scroll of random uselessness {unknown}
 r - 2 scrolls of noise {unknown}
 v - a scroll of immolation {unknown}
Jewellery
 l - a +3 ring of slaying (left hand)
 s - an amulet of resist corrosion (around neck)
Potions
 o - 2 potions of heal wounds {unknown}
 t - a potion of cure mutation


   Skills:
 * Level 9.8 Fighting
 + Level 7.3 Axes
 + Level 6.8 Armour
 - Level 2.1 Dodging


You had 7 spell levels left.
You didn't know any spells.

Dungeon Overview and Level Annotations

Branches:
Dungeon (6/15)             Temple (1/1) D:5

Altars:
Ashenzari
Cheibriados
Dithmenos
Elyvilon
Fedhas
Kikubaaqudgha
Makhleb
Nemelex Xobeh
Okawaru
Qazlal
Sif Muna
Trog
Vehumet
Xom
Yredelemnul
Zin
The Shining One


Innate Abilities, Weirdness & Mutations

You reflexively headbutt those who attack you in melee.
You have a pair of horns on your head.


Message History

You hit something. You headbutt something.
The orc warrior hits you but does no damage.
Something hits you but does no damage.
Drink which item? (? for menu, Esc to quit)
You can't drink that!
You miss something. You headbutt something.
The orc warrior hits you with a glaive!
* * * LOW HITPOINT WARNING * * *
You closely miss something.
You hear some strange, mumbled words.
A puff of flame appears from out of thin air!
The puff of flame hits you!
* * * LOW HITPOINT WARNING * * *
You miss something.
You hear some strange, mumbled words.
A puff of flame appears from out of thin air!
The puff of flame hits you!
* * * LOW HITPOINT WARNING * * *
The orc warrior hits you with a glaive!
You die...

### ##o## ##@#)##
####.###o########
#...o...o........
#..###..$#.#..###
#.#.##....## So
#.##...#....
#.#...........
#.#..#..#.##...#
#.#..#...## ...


You could see an orc warrior and an orc.

Vanquished Creatures
  A hungry ghost (D:6)
  Menkaure (D:4)
  2 ogres
  A sky beast (D:5)
  Sigmund (D:4)
  3 scorpions
  A goliath beetle (D:6)
  2 crimson imps
  2 hounds
  3 orc wizards (D:5)
  2 orc priests
  Natasha (thrice) (D:5)
  2 iguanas
  7 worker ants
  A big kobold zombie (D:5)
  6 gnolls
  7 adders
  3 shadow imps
  4 worms
  3 giant geckos
  An ooze (D:2)
  10 orcs
  6 giant cockroaches
  13 goblins
  18 hobgoblins
  4 jackals (D:6)
  9 kobolds
  2 quokkas
  11 bats
  6 giant newts
  A giant newt skeleton (D:4)
  A hobgoblin zombie (D:6)
  An orc skeleton (D:4)
  8 rats
  A rat skeleton (D:5)
147 creatures vanquished.

Notes
Turn   | Place    | Note
--------------------------------------------------------------
     0 | D:1      | Patate, the Minotaur Berserker, began the quest for the Orb.
     0 | D:1      | Reached XP level 1. HP: 19/19 MP: 1/1
   328 | D:1      | Reached skill level 4 in Fighting
   328 | D:1      | Reached XP level 2. HP: 24/27 MP: 1/1
   426 | D:1      | Acquired Trog's second power
   935 | D:2      | Reached XP level 3. HP: 26/34 MP: 2/2
  1341 | D:2      | Reached skill level 5 in Fighting
  1594 | D:2      | Reached XP level 4. HP: 37/42 MP: 2/2
  2161 | D:3      | Found an iron altar of Okawaru.
  2246 | D:3      | Reached XP level 5. HP: 45/50 MP: 2/2
  2532 | D:3      | Reached skill level 6 in Fighting
  3031 | D:4      | Reached skill level 5 in Axes
  3031 | D:4      | Reached XP level 6. HP: 56/58 MP: 3/3
  3523 | D:4      | Found a shadowy altar of Dithmenos.
  3844 | D:4      | Noticed Sigmund
  3867 | D:5      | Entered Level 5 of the Dungeon
  3869 | D:5      | Noticed Natasha
  3878 | D:5      | Reached skill level 7 in Fighting
  3883 | D:5      | Killed Natasha
  3908 | D:5      | Noticed Natasha
  3912 | D:5      | Killed Natasha
  4231 | D:5      | Noticed Natasha
  4234 | D:5      | Killed Natasha
  4257 | D:5      | Reached skill level 5 in Armour
  4257 | D:5      | Reached XP level 7. HP: 59/67 MP: 3/3
  4260 | D:5      | Acquired Trog's third power
  4282 | D:5      | Found a staircase to the Ecumenical Temple.
  4288 | Temple   | Entered the Ecumenical Temple
  4871 | D:5      | Reached skill level 8 in Fighting
  5342 | D:4      | Got a polished hand axe
  5344 | D:4      | Identified the +2 hand axe of the Moth {holy, Stlth+} (You found it on level 4 of the Dungeon)
  5387 | D:4      | Killed Sigmund
  5463 | D:4      | Noticed Menkaure
  5473 | D:4      | Killed Menkaure
  5473 | D:4      | Reached skill level 9 in Fighting
  5473 | D:4      | Reached XP level 8. HP: 24/78 MP: 3/3
  5723 | D:4      | Noticed an ogre
  5738 | D:4      | Killed an ogre
  6419 | D:6      | HP: 1/79 [something/puff of flame (8)]
  6419 | D:6      | Mangled by an orc warrior

Action                   |  1- 3 |  4- 6 |  7- 9 || total
-------------------------+-------+-------+-------++-------
Melee: Hand axe          |    68 |   134 |   101 ||   303
       War axe           |       |       |    39 ||    39
Invok: Trog's Hand       |       |     1 |     2 ||     3
       Berserk           |       |     1 |       ||     1
       Brothers in Arms  |       |       |     1 ||     1
  Use: Potion            |     1 |     2 |     4 ||     7
  Eat: Chunk             |     2 |    10 |     2 ||    14
       Bread ration      |       |       |     1 ||     1
